3AA
LAKE MINNETONKA LOVE BOATS @ BARTON SPRINGS BLUES
08/16/2042
 
TOP OF THE 1ST
Lake Minnetonka Love Boats batting - Pitching for Barton Springs Blues : RHP Stanley Davis
Pitching: RHP Stanley Davis
Batting: RHB Mark Bakker 0-0: Called Strike
0-1: Swinging Strike
0-2: SINGLE (Line Drive, 7LS, EV 104.4 MPH)
Batting: RHB Hamid Rutu 0-0: Ball
1-0: Called Strike
1-1: SINGLE (Flyball, 89M, EV 96.9 MPH)
Mark Bakker to second
Runner from 2nd tries for 3rd, SAFE, no throw by CF
Batting: SHB Spencer Maddox 0-0: Ball
1-0: Ball
2-0: Called Strike
2-1: Foul Ball, location: 2F
2-2: Ball
3-2: SINGLE (Line Drive, 78S, EV 100.6 MPH)
Mark Bakker scores
Hamid Rutu to second
Batting: RHB Eisse van Barneveld 0-0: Ball
1-0: Swinging Strike
1-1: Ball
2-1: Foul Ball, location: 2F
2-2: Ball
3-2: Foul Ball, location: 2F
3-2: SINGLE (Flyball, 9S, EV 95.6 MPH)
Hamid Rutu to third
Spencer Maddox to second
Runner from 3rd tries for Home, SAFE, throw by RF to home
Batting: RHB Luis Ávila 0-0: Ball
1-0: Ball
Wild Pitch!
Spencer Maddox to third
Eisse van Barneveld to second
2-0: Foul Ball, location: 2F
2-1: Ball
3-1: Called Strike
3-2: Foul Ball, location: 2F
3-2: Base on Balls
Batting: RHB Nicholas Khadjikyriakos 0-0: Fly out, F7 (Flyball, 7S, EV 87.5 MPH)
Batting: RHB Ding-bong Wang 0-0: Called Strike
0-1: Reached on error, E5 (Groundball, 5, EV 78.8 MPH)
Spencer Maddox scores
Eisse van Barneveld to third
Luis Ávila to second
Batting: RHB León Murciano 0-0: Ball
1-0: Ball
2-0: Swinging Strike
2-1: Fielders Choice at 2nd, 3-6 (Groundball, 34, EV 84.4 MPH)
Eisse van Barneveld scores
Luis Ávila to third
Batting: RHB Pablo Santos 0-0: DOUBLE (Line Drive, 78XD, EV 103.8 MPH)
Luis Ávila scores
León Murciano to third
Batting: RHB Mark Bakker 0-0: Foul Ball, location: 2F
0-1: Foul Ball, location: 2F
0-2: Ground out 6-3 (Groundball, 56, EV 103.8 MPH)
Top of the 1st over - 5 runs, 5 hits, 1 error, 2 left on base; Lake Minnetonka 5 - Barton Springs 0
BOTTOM OF THE 1ST
Barton Springs Blues batting - Pitching for Lake Minnetonka Love Boats : RHP Rafael Martínez
Pitching: RHP Rafael Martínez
Batting: RHB Steffen Schulte 0-0: Ball
1-0: Swinging Strike
1-1: Foul Ball, location: 2F
1-2: Single, Error in OF, E9, batter to second base (Groundball, 34D, EV 100.0 MPH)
Batting: RHB Donald Martin 0-0: Ball
1-0: Called Strike
1-1: Swinging Strike
1-2: Ball
2-2: Ball
3-2: Foul Ball, location: 2F
3-2: Foul Ball, location: 2F
3-2: DOUBLE (Flyball, 78D, EV 90.6 MPH)
Steffen Schulte scores
Batting: SHB Bill Gatacre 0-0: Ground out 1-3 (Groundball, 13, EV 89.4 MPH)
Donald Martin to third
Batting: LHB Ben Chell 0-0: Ball
1-0: Fly out, F7 (Line Drive, 7S, EV 90.6 MPH)
Batting: RHB Shawn Mullins 0-0: Ball
1-0: Foul Ball, location: 2F
1-1: Foul Ball, location: 2F
1-2: Fly out, F5 (Popup, 5SF, EV 67.5 MPH)
Bottom of the 1st over - 1 run, 2 hits, 1 error, 1 left on base; Lake Minnetonka 5 - Barton Springs 1
TOP OF THE 2ND
Lake Minnetonka Love Boats batting - Pitching for Barton Springs Blues : RHP Stanley Davis
Batting: RHB Hamid Rutu 0-0: Foul Ball, location: 2F
0-1: Ball
1-1: Foul Ball, location: 2F
1-2: Foul Ball, location: 2F
1-2: SINGLE (Line Drive, 4MD, EV 95.0 MPH)
Batting: SHB Spencer Maddox 0-0: Called Strike
0-1: Swinging Strike
0-2: SINGLE (Line Drive, 9S, EV 106.2 MPH)
Hamid Rutu to second
Batting: RHB Eisse van Barneveld 0-0: Ball
1-0: Called Strike
Hamid Rutu steals 3rd base
Spencer Maddox to second
1-1: Ball
2-1: SINGLE (Line Drive, 8RS, EV 89.4 MPH)
Hamid Rutu scores
Spencer Maddox to third
Runner from 3rd tries for Home, SAFE, no throw by CF
Pitching: LHP Laurens Bancroft
Batting: RHB Luis Ávila 0-0: Called Strike
0-1: Ball
1-1: Foul Ball, location: 2F
1-2: Foul Ball, location: 2F
1-2: SINGLE (Flyball, 89M, EV 91.2 MPH)
Eisse van Barneveld to second
Batting: RHB Nicholas Khadjikyriakos 0-0: Ball
1-0: Called Strike
1-1: Fly out, F9 (Flyball, 89D, EV 98.1 MPH)
Batting: RHB Ding-bong Wang 0-0: SINGLE (Groundball, 6MD, EV 95.6 MPH)
Eisse van Barneveld to third
Luis Ávila to second
Runner from 3rd tries for Home, SAFE, no throw by CF
Batting: RHB León Murciano 0-0: Grounds into double play, 6-4-3 (Groundball, 6M, EV 90.6 MPH)
Top of the 2nd over - 3 runs, 5 hits, 0 errors, 1 left on base; Lake Minnetonka 8 - Barton Springs 1
BOTTOM OF THE 2ND
Barton Springs Blues batting - Pitching for Lake Minnetonka Love Boats : RHP Rafael Martínez
Batting: RHB José González 0-0: Ball
1-0: Fly out, F8 (Flyball, 8RS, EV 93.8 MPH)
Batting: RHB Ken Rodríguez 0-0: Foul Ball, location: 2F
0-1: Ball
1-1: Called Strike
1-2: Strikes out swinging
Batting: RHB Ger Jobse 0-0: Ball
1-0: Foul Ball, location: 2F
1-1: Fly out, F6 (Popup, 15S, EV 93.1 MPH)
Bottom of the 2nd over - 0 runs, 0 hits, 0 errors, 0 left on base; Lake Minnetonka 8 - Barton Springs 1
TOP OF THE 3RD
Lake Minnetonka Love Boats batting - Pitching for Barton Springs Blues : LHP Laurens Bancroft
Batting: RHB Pablo Santos 0-0: Called Strike
0-1: Ball
1-1: Ground out 1-3 (Groundball, 13S, EV 63.1 MPH)
Batting: RHB Mark Bakker 0-0: Ground out 5-3 (Groundball, 56S, EV 88.1 MPH)
Batting: RHB Hamid Rutu 0-0: Foul Ball, location: 2F
0-1: Foul Ball, location: 2F
0-2: Foul Ball, location: 2F
0-2: Foul Ball, location: 2F
0-2: Ball
1-2: Ball
2-2: Ground out 4-3 (Groundball, 4, EV 100.0 MPH)
Top of the 3rd over - 0 runs, 0 hits, 0 errors, 0 left on base; Lake Minnetonka 8 - Barton Springs 1
BOTTOM OF THE 3RD
Barton Springs Blues batting - Pitching for Lake Minnetonka Love Boats : RHP Rafael Martínez
Batting: RHB Mike O'Neill 0-0: Ball
1-0: Foul Ball, location: 2F
1-1: Ball
2-1: Ball
3-1: Fly out, F7 (Flyball, 7LMF, EV 95.0 MPH)
Batting: RHB Steffen Schulte 0-0: Ground out 5-3 (Groundball, 5, EV 99.4 MPH)
Batting: RHB Donald Martin 0-0: Ball
1-0: Foul Ball, location: 2F
1-1: Ball
2-1: Swinging Strike
2-2: Ground out 6-3 (Groundball, 6, EV 80.6 MPH)
Bottom of the 3rd over - 0 runs, 0 hits, 0 errors, 0 left on base; Lake Minnetonka 8 - Barton Springs 1
TOP OF THE 4TH
Lake Minnetonka Love Boats batting - Pitching for Barton Springs Blues : LHP Laurens Bancroft
Batting: SHB Spencer Maddox 0-0: Called Strike
0-1: Foul Ball, location: 2F
0-2: Foul Ball, location: 2F
0-2: Ground out 6-3 (Groundball, 6, EV 83.8 MPH)
Batting: RHB Eisse van Barneveld 0-0: Ball
1-0: Swinging Strike
1-1: Ball
2-1: Foul Ball, location: 2F
2-2: Fly out, F8 (Flyball, 8RS, EV 81.2 MPH)
Batting: RHB Luis Ávila 0-0: Ball
1-0: Ball
2-0: Swinging Strike
2-1: Foul Ball, location: 2F
2-2: Strikes out looking
Top of the 4th over - 0 runs, 0 hits, 0 errors, 0 left on base; Lake Minnetonka 8 - Barton Springs 1
BOTTOM OF THE 4TH
Barton Springs Blues batting - Pitching for Lake Minnetonka Love Boats : RHP Rafael Martínez
Batting: SHB Bill Gatacre 0-0: Called Strike
0-1: Ball
1-1: Foul Ball, location: 2F
1-2: Foul Ball, location: 2F
1-2: Ball
2-2: Strikes out looking
Batting: LHB Ben Chell 0-0: SINGLE (Groundball, 34D, EV 107.5 MPH)
Batting: RHB Shawn Mullins 0-0: Ball
1-0: SINGLE (Flyball, 89S, EV 95.6 MPH)
Ben Chell to second
Batting: RHB José González 0-0: 3-RUN HOME RUN (Flyball, 9D, EV 101.9 MPH), Distance : 373 ft
Batting: RHB Ken Rodríguez 0-0: Ball
1-0: Foul Ball, location: 2F
1-1: Ball
2-1: Ball
3-1: Foul Ball, location: 2F
3-2: Foul Ball, location: 2F
3-2: Base on Balls
Batting: RHB Ger Jobse 0-0: Called Strike
0-1: Swinging Strike
0-2: Ball
1-2: Ball
2-2: Strikes out swinging
Batting: RHB Mike O'Neill 0-0: Called Strike
0-1: Ball
1-1: Ball
2-1: Ball
3-1: Base on Balls
Ken Rodríguez to second
Batting: RHB Steffen Schulte 0-0: Ball
1-0: Called Strike
1-1: Foul Ball, location: 2F
1-2: Strikes out swinging
Bottom of the 4th over - 3 runs, 3 hits, 0 errors, 2 left on base; Lake Minnetonka 8 - Barton Springs 4
TOP OF THE 5TH
Lake Minnetonka Love Boats batting - Pitching for Barton Springs Blues : LHP Laurens Bancroft
Batting: RHB Nicholas Khadjikyriakos 0-0: SINGLE (Groundball, 56D, EV 100.0 MPH)
Batting: RHB Ding-bong Wang 0-0: Bunted foul
0-1: Ball
1-1: Sac Bunt to P - play at first, batter OUT! 1-4
Nicholas Khadjikyriakos to second
Batting: RHB León Murciano 0-0: Foul Ball, location: 2F
0-1: Swinging Strike
0-2: Ball
1-2: Ball
2-2: Ball
3-2: 2-RUN HOME RUN (Flyball, 78XD, EV 96.9 MPH), Distance : 424 ft
Batting: RHB Pablo Santos 0-0: Ground out 6-3 (Groundball, 6, EV 88.8 MPH)
Batting: RHB Mark Bakker 0-0: Called Strike
0-1: Foul Ball, location: 2F
0-2: SINGLE (Groundball, 56, EV 88.8 MPH) (infield hit)
Batting: RHB Hamid Rutu 0-0: Fly out, F6 (Line Drive, 6, EV 74.4 MPH)
Top of the 5th over - 2 runs, 3 hits, 0 errors, 1 left on base; Lake Minnetonka 10 - Barton Springs 4
BOTTOM OF THE 5TH
Barton Springs Blues batting - Pitching for Lake Minnetonka Love Boats : RHP Rafael Martínez
Batting: RHB Donald Martin 0-0: Called Strike
0-1: Fly out, F9 (Flyball, 89D, EV 105.0 MPH)
Batting: SHB Bill Gatacre 0-0: Ball
1-0: Fly out, F3 (Line Drive, 3, EV 76.9 MPH)
Batting: LHB Ben Chell 0-0: Ball
1-0: Foul Ball, location: 2F
1-1: Ball
2-1: Swinging Strike
2-2: Foul Ball, location: 2F
2-2: Foul Ball, location: 2F
2-2: Foul Ball, location: 2F
2-2: Ball
3-2: Ground out 4-3 (Groundball, 4, EV 101.9 MPH)
Bottom of the 5th over - 0 runs, 0 hits, 0 errors, 0 left on base; Lake Minnetonka 10 - Barton Springs 4
TOP OF THE 6TH
Lake Minnetonka Love Boats batting - Pitching for Barton Springs Blues : LHP Laurens Bancroft
Batting: SHB Spencer Maddox 0-0: Ground out 4-3 (Groundball, 4, EV 83.8 MPH)
Batting: RHB Eisse van Barneveld 0-0: Called Strike
0-1: Ball
1-1: Foul Ball, location: 2F
1-2: SOLO HOME RUN (Flyball, 7D, EV 111.2 MPH), Distance : 385 ft
Batting: RHB Luis Ávila 0-0: Ball
1-0: Ball
2-0: Ball
3-0: Called Strike
3-1: Base on Balls
Batting: RHB Nicholas Khadjikyriakos 0-0: Ball
1-0: Called Strike
1-1: Ball
2-1: SINGLE (Groundball, 56D, EV 95.6 MPH)
Luis Ávila to second
Luis Ávila to third
Batting: RHB Ding-bong Wang 0-0: Called Strike
0-1: Ball
1-1: Ball
Wild Pitch!
Luis Ávila scores
Nicholas Khadjikyriakos to second
2-1: Foul Ball, location: 2F
2-2: Ball
3-2: Foul Ball, location: 2F
3-2: DOUBLE (Flyball, 89D, EV 100.0 MPH)
Nicholas Khadjikyriakos scores
Pitching: RHP Rafael Santiago
Batting: RHB León Murciano 0-0: Ball
1-0: Ball
2-0: Called Strike
2-1: Ball
3-1: Base on Balls
Batting: RHB Pablo Santos 0-0: Ball
1-0: Ball
2-0: Foul Ball, location: 2F
2-1: Called Strike
2-2: Strikes out swinging
Batting: RHB Mark Bakker 0-0: Called Strike
0-1: Ball
1-1: Ground out 1-3 (Groundball, 25, EV 77.5 MPH)
Top of the 6th over - 3 runs, 3 hits, 0 errors, 2 left on base; Lake Minnetonka 13 - Barton Springs 4
BOTTOM OF THE 6TH
Barton Springs Blues batting - Pitching for Lake Minnetonka Love Boats : RHP Rafael Martínez
Batting: RHB Shawn Mullins 0-0: Called Strike
0-1: Ball
1-1: Ball
2-1: Ball
3-1: Swinging Strike
3-2: Foul Ball, location: 2F
3-2: Base on Balls
Batting: RHB José González 0-0: Called Strike
0-1: Called Strike
0-2: Ball
1-2: Fielders Choice at 2nd, 3-6 (Groundball, 34, EV 98.1 MPH)
Pitching: RHP Jayden Fairhead
Batting: RHB Ken Rodríguez 0-0: Foul Ball, location: 2F
0-1: Ball
1-1: Foul Ball, location: 2F
1-2: Foul Ball, location: 2F
1-2: Grounds into double play, 6-4-3 (Groundball, 6, EV 106.9 MPH)
Bottom of the 6th over - 0 runs, 0 hits, 0 errors, 0 left on base; Lake Minnetonka 13 - Barton Springs 4
TOP OF THE 7TH
Lake Minnetonka Love Boats batting - Pitching for Barton Springs Blues : RHP Rafael Santiago
Pinch Hitting: RHB Kian Hook 0-0: Ball
1-0: Foul Ball, location: 2F
1-1: Ground out 5-3 (Groundball, 56, EV 85.0 MPH)
Batting: SHB Spencer Maddox 0-0: Ball
1-0: Foul Ball, location: 2F
1-1: Ball
2-1: Foul Ball, location: 2F
2-2: Ball
3-2: Strikes out swinging, 2-3 out at first.
Batting: RHB Eisse van Barneveld 0-0: Called Strike
0-1: Swinging Strike
0-2: Strikes out swinging
Top of the 7th over - 0 runs, 0 hits, 0 errors, 0 left on base; Lake Minnetonka 13 - Barton Springs 4
BOTTOM OF THE 7TH
Barton Springs Blues batting - Pitching for Lake Minnetonka Love Boats : RHP Jayden Fairhead
Now at 1B: Yin-fat Fou
Pinch Hitting: RHB John Polk 0-0: Ball
1-0: Fly out, F9 (Flyball, 9LSF, EV 80.0 MPH)
Pinch Hitting: RHB Vicente Colón 0-0: Foul Ball, location: 2F
0-1: Ball
1-1: Fly out, F7 (Flyball, 7LSF, EV 91.9 MPH)
Pinch Hitting: RHB Joe Smith 0-0: DOUBLE (Line Drive, 9LS, EV 96.9 MPH)
Batting: RHB Donald Martin 0-0: Ground out 1-3 (Groundball, 15, EV 67.5 MPH)
Bottom of the 7th over - 0 runs, 1 hit, 0 errors, 1 left on base; Lake Minnetonka 13 - Barton Springs 4
TOP OF THE 8TH
Lake Minnetonka Love Boats batting - Pitching for Barton Springs Blues : RHP Rafael Santiago
Now at 2B: John Polk
Now at 3B: Vicente Colón
Now in RF: Rafael Romero
Batting: RHB Luis Ávila 0-0: Ball
1-0: Called Strike
1-1: Ball
2-1: Fly out, F7 (Line Drive, 7, EV 97.5 MPH)
Batting: RHB Nicholas Khadjikyriakos 0-0: Ball
1-0: Ball
2-0: Foul Ball, location: 2F
2-1: Foul Ball, location: 2F
2-2: Ball
3-2: Ground out 5-3 (Groundball, 56, EV 80.0 MPH)
Batting: RHB Ding-bong Wang 0-0: Ball
1-0: Foul Ball, location: 2F
1-1: SINGLE (Line Drive, 4M, EV 109.4 MPH)
Batting: RHB León Murciano 0-0: Foul Ball, location: 2F
0-1: Ball
1-1: Called Strike
1-2: Ball
2-2: Strikes out looking
Top of the 8th over - 0 runs, 1 hit, 0 errors, 1 left on base; Lake Minnetonka 13 - Barton Springs 4
BOTTOM OF THE 8TH
Barton Springs Blues batting - Pitching for Lake Minnetonka Love Boats : RHP Jayden Fairhead
Batting: SHB Bill Gatacre 0-0: Ball
1-0: Called Strike
1-1: Ball
2-1: Called Strike
2-2: Ball
3-2: Base on Balls
Batting: LHB Ben Chell 0-0: Foul Ball, location: 2F
0-1: Ball
1-1: Ball
2-1: Ball
3-1: 2-RUN HOME RUN (Flyball, 89XD, EV 94.4 MPH), Distance : 408 ft
Batting: RHB Shawn Mullins 0-0: Ball
1-0: Ground out 6-3 (Groundball, 6, EV 101.2 MPH)
Pinch Hitting: SHB Fergus Stidston 0-0: Ground out 4-3 (Groundball, 34, EV 86.9 MPH)
Batting: RHB Ken Rodríguez 0-0: Ball
1-0: Ball
2-0: Ball
3-0: Called Strike
3-1: Base on Balls
Batting: RHB John Polk 0-0: Called Strike
0-1: Ball
1-1: Called Strike
1-2: Foul Ball, location: 2F
1-2: Ball
2-2: Foul Ball, location: 2F
2-2: Ground out 4-3 (Groundball, 4S, EV 86.9 MPH)
Bottom of the 8th over - 2 runs, 1 hit, 0 errors, 1 left on base; Lake Minnetonka 13 - Barton Springs 6
TOP OF THE 9TH
Lake Minnetonka Love Boats batting - Pitching for Barton Springs Blues : RHP Rafael Santiago
Pitching: RHP Danny Kas
Now at SS: Fergus Stidston
Batting: RHB Pablo Santos 0-0: Ground out 4-3 (Groundball, 4, EV 84.4 MPH)
Batting: RHB Mark Bakker 0-0: Called Strike
0-1: Ball
1-1: Fly out, F3 (Line Drive, 3, EV 73.1 MPH)
Batting: LHB Yin-fat Fou 0-0: Ball
1-0: Called Strike
1-1: Foul Ball, location: 2F
1-2: Foul Ball, location: 2F
1-2: Strikes out swinging
Top of the 9th over - 0 runs, 0 hits, 0 errors, 0 left on base; Lake Minnetonka 13 - Barton Springs 6
BOTTOM OF THE 9TH
Barton Springs Blues batting - Pitching for Lake Minnetonka Love Boats : RHP Jayden Fairhead
Batting: RHB Vicente Colón 0-0: Called Strike
0-1: Called Strike
0-2: Foul Ball, location: 2F
0-2: Strikes out looking
Batting: LHB Rafael Romero 0-0: Ball
1-0: Fly out, F7 (Flyball, 7, EV 92.5 MPH)
Pinch Hitting: RHB Felipe Gonzáles 0-0: Ball
1-0: Called Strike
1-1: Ball
2-1: Reached on error, E5 (Groundball, 5L, EV 103.8 MPH)
Batting: SHB Bill Gatacre 0-0: Foul Ball, location: 2F
0-1: Foul Ball, location: 2F
0-2: Ball
1-2: Ball
2-2: SINGLE (Line Drive, 6D, EV 106.2 MPH)
Felipe Gonzáles to second
Batting: LHB Ben Chell 0-0: Ball
1-0: Swinging Strike
1-1: Ball
2-1: Called Strike
2-2: Ball
3-2: Foul Ball, location: 2F
3-2: SINGLE (Groundball, 4D, EV 95.0 MPH)
Felipe Gonzáles to third
Bill Gatacre to second
Felipe Gonzáles scores
Bill Gatacre to third
Batting: RHB Shawn Mullins 0-0: Ball
1-0: Swinging Strike
1-1: Ball
2-1: SINGLE (Groundball, 6MD, EV 99.4 MPH)
Bill Gatacre scores
Ben Chell to second
Pitching: RHP Willie Steele
Batting: SHB Fergus Stidston 0-0: Called Strike
0-1: Called Strike
0-2: Ball
Wild Pitch!
Ben Chell to third
Shawn Mullins to second
1-2: Ball
2-2: Ground out U3 (Groundball, 3L, EV 85.0 MPH)
Bottom of the 9th over - 2 runs, 3 hits, 1 error, 2 left on base; Lake Minnetonka 13 - Barton Springs 8
Friday, March 26th, 2021 - OOTP Baseball 20.8 Build 74